 Dungeon Crawl Stone Soup version 0.29-a0-419-g77450f2105 (webtiles) character file.

Game seed: 71230876759072773

6 KhasaRR the Sneak (level 1, -5/15 HPs)
             Began as a Demonspawn Wanderer on May 18, 2022.
             Slain by a gnoll
             ... wielding a +0 club
              (9 damage)
             ... on level 1 of the Dungeon.
             The game lasted 00:01:29 (686 turns).

KhasaRR the Sneak (Demonspawn Wanderer)              Turns: 686, Time: 00:01:30

Health: -5/15      AC:  2    Str:  8    XL:     1   Next: 75%
Magic:  2/2        EV: 11    Int: 15    God:
Gold:   0          SH:  4    Dex: 14    Spells: 2/2 levels left

rFire   . . .      SeeInvis .   a - +0 dagger
rCold   . . .      Faith    .   d - +0 buckler
rNeg    . . .      Spirit   .   f - +0 robe
rPois   .          Reflect  .   (no helmet)
rElec   .          Harm     .   (no cloak)
rCorr   .          Rampage  .   (no gloves)
Will    .....                   (no boots)
Stlth   ++........              (no amulet)
HPRegen 0.05/turn               (no ring)
MPRegen 0.08/turn               (no ring)

@: no status effects
A: no striking features
a: no special abilities


You were on level 1 of the Dungeon.
You visited 1 branch of the dungeon, and saw 1 of its levels.

Inventory:

Hand Weapons
 a - a +0 dagger (weapon)
Missiles
 b - an atropa-tipped dart (quivered)
 c - a datura-tipped dart
Armour
 d - a +0 buckler (worn)
 f - a +0 robe (worn)
Scrolls
 g - a scroll of teleportation {unknown}
Potions
 e - a potion of heal wounds


   Skills:
 * Level 1.1 Fighting
 * Level 0.2 Short Blades
 * Level 0.1 Armour
 * Level 1.0 Dodging
 - Level 2.6 Stealth
 * Level 1.0 Shields
 * Level 1.0 Spellcasting
 * Level 2.3 Necromancy
 * Level 1.4 Invocations


You had 2 spell levels left.
You didn't know any spells.
Your spell library contained the following spells:

 Spells                   Type           Power      Damage    Failure   Level
 Sublimation of Blood     Necr           7%         N/A       19%         2
 Corpse Rot               Necr/Air       8%         N/A       30%         2


Dungeon Overview and Level Annotations

Branches:
Dungeon (1/15)

Altars:


Message History

The endoplasm hits you but does no damage.
You hit the endoplasm.
The endoplasm is heavily wounded.
The endoplasm freezes you.
You are frozen.
You are too injured to fight recklessly!
You are too injured to fight recklessly!
You are too injured to fight recklessly!
You are too injured to fight recklessly!
You are too injured to fight recklessly!
You are too injured to fight recklessly!
You barely miss the endoplasm.
The endoplasm is heavily wounded.
The endoplasm freezes you.
You are frozen.
* * * LOW HITPOINT WARNING * * *
You hit the endoplasm.
You kill the endoplasm!
There is an open door here.
You open the door.
A gnoll comes into view. It is wielding a +0 club.
The gnoll shouts!
There is an open door here.
The gnoll hits you with a +0 club.
You closely miss the gnoll. The gnoll barely misses you.
You hit the gnoll.
The gnoll is lightly wounded.
The gnoll hits you with a +0 club.
* * * LOW HITPOINT WARNING * * *
You are too injured to fight recklessly!
You are too injured to fight recklessly!
You are too injured to fight recklessly!
You are too injured to fight recklessly!
You are too injured to fight recklessly!
You are too injured to fight recklessly!
You hit the gnoll but do no damage.
The gnoll is lightly wounded.
The gnoll hits you with a +0 club!
Ouch! That really hurt!
You die...

### #.. #.# #.#
#.# ## #.# .# #g#
.############ #@#
............# #.#
.##########.#. #.#
.# #.#.##'####
########
#.#.......#
...[...#
#.#.......#
######.#
#.#.......#
###.####.#.##'#'##
#........#.##.#.#


You could see a gnoll.

Vanquished Creatures
  2 endoplasms (D:1)
  A goblin (D:1)
  A hobgoblin (D:1)
  A kobold (D:1)
5 creatures vanquished.

Notes
Turn   | Place    | Note
-------+----------+-------------------------------------------
     0 | D:1      | KhasaRR the Demonspawn Wanderer began the quest for the
                  | Orb.
     0 | D:1      | KhasaRR set off with the following items: a +0 dagger, an
                  | atropa-tipped dart, a datura-tipped dart, a +0 buckler, a
                  | potion of heal wounds, a +0 robe; and the following spells
                  | available to memorise: Sublimation of Blood, Corpse Rot
     0 | D:1      | Reached XP level 1. HP: 15/15 MP: 2/2
   686 | D:1      | Slain by a gnoll

Illustrated notes

Levels and vault maps discovered:
D:1:      onia_arrival_mini_spirals, layout_basic,
          ebering_ecumenical_altar_ruins

Action                   || total
-------------------------++-------
Melee: Dagger            ||    23
 Stab: Sleeping          ||     2
Armor: Robe              ||     1
Dodge: Dodged            ||     8

Table legend: (Time is in decaauts)
 A = Elapsed time spent in this place.
 B = Non-inter-level travel time spent in this place.
 C = Inter-level travel time spent in this place.
 D = Time resting spent in this place.
 E = Time spent auto-exploring this place.
 F = Levels seen in this place.
 G = Mean time per level.
                   A        B        C        D        E       F      G
               +--------+--------+--------+--------+--------+-----+--------+
         Total |    686 |    686 |      0 |      0 |    635 |   1 |  686.0 |
       Dungeon |    686 |    686 |      0 |      0 |    635 |   1 |  686.0 |
               +--------+--------+--------+--------+--------+-----+--------+

Top non-repeatable levels by time:
     D:1: 686 daAuts
